 Dungeon Crawl Stone Soup version 0.31-a0-844-gdc52ec4e09 (webtiles) character file.

Game seed: 327789431852428894

6755 Aneyh the Warrior (level 11, -16/74 HPs)
             Began as a Tengu Monk on Sept 30, 2023.
             Was a Priest of Hepliaklqana.
             Demolished by a tengu warrior
             ... wielding a +1 heavy great mace
              (28 damage)
             ... on level 10 of the Dungeon.
             The game lasted 00:21:15 (9759 turns).

Aneyh the Warrior (Tengu Monk)                      Turns: 9759, Time: 00:21:16

Health: -16/74     AC:  5    Str: 17    XL:     11   Next: 4%
Magic:  12/12      EV: 17    Int: 10    God:    Hepliaklqana [***...]
Gold:   424        SH:  5    Dex: 19    Spells: 7/10 levels left

rFire   . . .        a - +1 spear (freeze)
rCold   . . .        (no shield)
rNeg    . . .        O - +0 troll leather armour
rPois   .            (helmet restricted)
rElec   .            J - +0 cloak
rCorr   .            w - +0 pair of gloves
SInv    .            (boots unavailable)
Will    .....        c - amulet of the Mutiny {Reflect Dex+3 SH+5}
Stlth   +            (no ring)
HPRegen 1.12/turn    (no ring)
MPRegen 0.13/turn

%: reflection, acrobat
@: flying
A: reduced essence, beak, talons 3, evasive flight, acrobatic
a: Renounce Religion, Recall Ancestor, Ancestor Identity, Transference


You were on level 10 of the Dungeon.
You worshipped Hepliaklqana.
Hepliaklqana was most pleased with you.
You visited 2 branches of the dungeon, and saw 12 of its levels.

You collected 424 gold pieces.

Inventory:

Hand Weapons
 a - a +1 spear of freezing (weapon)
 b - a +0 dagger of protection
 u - a +0 vampiric dagger
 A - a +2 dagger of venom
 F - a +0 spear
 G - a +0 halberd
 L - a +0 orcbow
 M - a +0 great sword
Missiles
 q - 8 boomerangs
 B - 6 poisoned darts
 K - 3 javelins
Armour
 d - an orb of light
 k - a +0 leather armour
 p - a +0 robe
 w - a +0 pair of gloves (worn)
 J - a +0 cloak (worn)
 O - a +0 troll leather armour (worn)
Jewellery
 c - the amulet of the Mutiny (around neck) {Reflect Dex+3 SH+5}
   (You found it on level 3 of the Dungeon)

   [amulet of reflection]

   Reflect:   It reflects blocked missile attacks.
   Dex+3:     It affects your dexterity (+3).
   SH+5:      It affects your SH (+5).
 y - the Hermit's Pendant {Faith Invo=14 Evo=0 MP+5}
   (You found it on level 6 of the Dungeon)

   [amulet of faith]

   Invo=14: It sets your Invocations skill to 14.
   Evo=0: It sets your Evocations skill to 0.
   Faith:     It allows you to gain divine favour quickly.
   MP+5:      It affects your magic capacity (+5).
 D - the amulet of the Moon {Regen+ Str+4}
   (You found it on level 6 of the Dungeon)

   [amulet of regeneration]

   Str+4:     It affects your strength (+4).
   Regen+:    It increases your rate of health regeneration.
 I - an amulet of faith
Wands
 Q - a wand of light (6)
Scrolls
 f - 3 scrolls of poison {unknown}
 j - a scroll of enchant armour
 l - a scroll of revelation {unknown}
 m - a scroll of fear
 r - 3 scrolls of teleportation
 x - 5 scrolls of fog
 z - 2 scrolls of blinking {unknown}
 C - 2 scrolls of immolation {unknown}
 E - a scroll of noise {unknown}
 H - a scroll of amnesia {unknown}
 R - 2 scrolls of vulnerability
 S - a scroll of brand weapon {unknown}
Potions
 e - a potion of magic
 g - 3 potions of haste
 h - a potion of might {unknown}
 i - a potion of berserk rage {unknown}
 n - 2 potions of heal wounds {unknown}
 o - 6 potions of curing
 s - 2 potions of attraction
 t - a potion of brilliance {unknown}
 v - 3 potions of mutation {unknown}
 P - a potion of enlightenment {unknown}


   Skills:
 * Level 15.7 Fighting
 - Level 3.2 Polearms
 - Level 3.2 Dodging
 - Level 6.0 Summonings


You had 7 spell levels left.
You knew the following spells:

 Your Spells              Type           Power      Damage    Failure   Level
a - Summon Guardian Gole  Hex/Summ       6%         N/A       38%         3

Your spell library contained the following spells:

 Spells                   Type           Power      Damage    Failure   Level
 Summon Small Mammal      Summ           48%        N/A       4%          1
 Call Canine Familiar     Summ           12%        N/A       12%         3
 Apportation              Tloc           0%         N/A       43%         1
 Jinxbite                 Hex            0%         N/A       56%         2
 Alistair's Intoxication  Tmut/Pois      0%         N/A       100%        5
 Orb of Destruction       Conj           0%         9d5       100%        7
 Spellforged Servitor     Conj/Summ      3%         N/A       100%        7


Dungeon Overview and Level Annotations

Branches:
Dungeon (11/15)            Temple (1/1) D:6             Orc (0/2) D:11
   Lair: D:8-11

Altars:
Ashenzari
Cheibriados
Dithmenos
Elyvilon
Fedhas
Gozag
Hepliaklqana
Kikubaaqudgha
Makhleb
Nemelex Xobeh
Okawaru
Qazlal
Ru
Sif Muna
Trog
Uskayaw
Vehumet
Wu Jian
Xom
Yredelemnul
Zin
The Shining One

Shops:
D:5 (   D:7 *

Portals:
Abyss: D:6

Annotations:
D:2 1 runed translucent door, Crazy Yiuf
D:6 2 transporters, pigah's ghost, novice OpSh


Innate Abilities, Weirdness & Mutations

Your life essence is reduced to manifest your ancestor. (-10% HP)
You have a beak for a mouth.
You have claws for feet.
Your magical flight helps you evade attacks. (EV +4)
You can magically evade attacks while moving or waiting.


Message History

The bolt of lightning hits Cuahtemoc!!
Cuahtemoc is destroyed!
The bolt of lightning hits you!
Your guardian golem disappears in a puff of smoke!
Your guardian golem explodes!
The fiery explosion engulfs you!!!
Ouch! That really hurt!
* * * LOW HITPOINT WARNING * * *
The fiery explosion engulfs the tengu warrior!!
The battlesphere is engulfed in blazing flames.
The tengu warrior closely misses you.
The tengu warrior pecks you but does no damage.
The tengu warrior claws you.
* * * LOW HITPOINT WARNING * * *
You fly upwards.
The battlesphere dissipates.
There is a stone staircase leading down here.
Unknown command.
You hit the tengu warrior. You freeze the tengu warrior.
You claw the tengu warrior, but do no damage.
You peck the tengu warrior, but do no damage.
The tengu warrior is severely wounded.
Unknown command.
You closely miss the tengu warrior. You claw the tengu warrior.
The tengu warrior is severely wounded.
The tengu warrior hits you with a +1 heavy great mace!
* * * LOW HITPOINT WARNING * * *
The tengu warrior barely misses you. You block the tengu warrior's attack.
Unknown command.
It was a potion of magic.
Magic courses through your body.
The tengu warrior completely misses you.
The tengu warrior pecks you but does no damage.
The tengu warrior completely misses you.
You hit the tengu warrior but do no damage.
The tengu warrior is severely wounded.
You hit the tengu warrior. You freeze the tengu warrior.
Your kick misses the tengu warrior.
You peck the tengu warrior, but do no damage.
The tengu warrior is almost dead.
The tengu warrior hits you with a +1 heavy great mace!!
You die...

#.###x...##############..#
#.#.9..#...... ..........####
#.#.##..##############<.....#
#..<.x......................#
......#...###########.......#
......+.#..# #....########
......#.##.###### ###...##....)..
#.....#.##......###.....#.8##'##8
#.###.#.........@Q..#...#.##...##
#.#<#.###############...#.#.8.8.#
#.#.#.# #.###.#..>..# #.#.#.# #.#
#.#.8.8.# #.#.#.# #.# #.##...##
#.#.#.# #.# #.8#####8 #.#...#
#.####..R.... #.#################
#....####.### #.................#
#.##......#


You could see a tengu warrior.

Vanquished Creatures
  A cyclops (D:6)
  A gargoyle (D:10)
  A komodo dragon (D:10)
  A large abomination (D:9)
  A wraith (D:10)
  A shadow (D:10)
  3 wyverns
  3 yaks (D:10)
  An acid dragon (D:10)
  A water moccasin (D:9)
  A sky beast (D:6)
  3 orc warriors
  2 ice beasts
  2 ogres
  2 phantoms (D:5)
  3 bullfrogs
  A scorpion (D:5)
  5 wights (D:9)
  An electric eel (D:10)
  A howler monkey (D:5)
  3 hounds (D:5)
  An orc priest (D:9)
  A gnoll bouda (D:10)
  A sleepcap (D:5)
  2 orc wizards (D:6)
  Robin (D:2)
  7 gnolls
  4 adders
  2 shadow imps
  2 ufetubi
  A worm (D:3)
  22 orcs
  5 endoplasms
  14 goblins
  6 hobgoblins
  2 jackals (D:3)
  A quokka (D:2)
  5 ball pythons
  4 bats
  4 frilled lizards
  3 kobolds
  4 rats
130 creatures vanquished.

Vanquished Creatures (collateral kills)
  A troll (D:10)
  A shadow (D:10)
  A wraith (D:9)
  2 yaks (D:10)
  2 steam dragons
  An acid dragon (D:11)
  A water moccasin (D:9)
  A nameless horror (D:10)
  An ice beast (D:6)
  A centaur (D:9)
  A gnoll sergeant (D:5)
  A sleepcap (D:6)
  An iguana (D:6)
  2 gnolls
  2 white imps
  An orc (D:9)
20 creatures vanquished.

Vanquished Creatures (others)
  A wizard (D:10)
  A troll (D:10)
  2 small abominations (D:10)
  7 knights
  4 ufetubi (D:8)
15 creatures vanquished.

Grand Total: 165 creatures vanquished

Notes
Turn   | Place    | Note
-------+----------+-------------------------------------------
     0 | D:1      | Aneyh the Tengu Monk began the quest for the Orb.
     0 | D:1      | Reached XP level 1. HP: 14/14 MP: 2/2
   398 | D:1      | Reached XP level 2. HP: 19/19 MP: 3/3
   939 | D:2      | Reached skill level 4 in Fighting
   939 | D:2      | Reached XP level 3. HP: 24/24 MP: 4/4
  1299 | D:2      | Found a runed translucent door.
  1300 | D:2      | Noticed Crazy Yiuf
  1354 | D:2      | Found a faded altar of an unknown god.
  1359 | D:2      | Noticed Robin
  1385 | D:2      | Reached XP level 4. HP: 16/30 MP: 5/5
  1398 | D:2      | Killed Robin
  1611 | D:3      | Reached skill level 5 in Fighting
  1612 | D:3      | Identified the amulet of the Mutiny {Reflect Dex+3 SH+5}
  1961 | D:3      | Learned a level 3 spell: Summon Guardian Golem
  2144 | D:3      | Reached XP level 5. HP: 31/35 MP: 6/6
  2399 | D:4      | Noticed an ogre
  2502 | D:5      | Entered Level 5 of the Dungeon
  2507 | D:5      | Noticed a phantom
  2522 | D:5      | Killed a phantom
  2523 | D:5      | Reached skill level 6 in Fighting
  2523 | D:5      | Reached skill level 1 in Summonings
  2683 | D:5      | Reached XP level 6. HP: 41/41 MP: 7/7
  2764 | D:5      | Reached skill level 7 in Fighting
  2807 | D:5      | Gained mutation: Your magical flight helps you evade
                  | attacks. (EV +4) [Tengu growth]
  2807 | D:5      | Reached XP level 7. HP: 48/48 MP: 8/8
  2885 | D:5      | Found Moubb's Weapon Shop.
  3239 | D:6      | Reached skill level 8 in Fighting
  3725 | D:6      | Found a one-way gate to the infinite horrors of the Abyss.
  3725 | D:6      | Noticed pigah's ghost (novice OpSh)
  3726 | D:6      | Noticed a toenail golem
  3802 | D:6      | Found a transporter.
  3803 | D:6      | Noticed a green ugly thing
  3936 | D:6      | Found a transporter.
  3970 | D:6      | Found a faded altar of an unknown god.
  3970 | D:6      | Found the Hermit's Pendant {Faith Invo=14 Evo=0 MP+5}
  3991 | D:6      | Noticed a cyclops
  4018 | D:6      | Killed a cyclops
  4019 | D:6      | Reached skill level 9 in Fighting
  4019 | D:6      | Reached XP level 8. HP: 28/56 MP: 9/9
  4184 | D:6      | Found a staircase to the Ecumenical Temple.
  4193 | Temple   | Entered the Ecumenical Temple
  4230 | Temple   | Became a worshipper of Hepliaklqana the Forgotten
  4230 | Temple   | Reached * piety under Hepliaklqana
  4230 | Temple   | Reached ** piety under Hepliaklqana
  4231 | Temple   | Remembered your ancestor Cuahtemoc as a knight
  4319 | D:6      | Identified the amulet of the Moon {Regen+ Str+4}
  4435 | D:6      | Reached skill level 10 in Fighting
  5274 | D:6      | Reached skill level 5 in Summonings
  5274 | D:6      | Reached XP level 9. HP: 42/56 MP: 10/10
  5838 | D:7      | Found Qaezobb's General Store.
  5924 | D:7      | Reached skill level 11 in Fighting
  6239 | D:7      | Found a hide-covered altar of Uskayaw.
  6278 | D:7      | Found a glowing silver altar of Zin.
  6625 | D:7      | Found a bloodstained altar of Trog.
  6626 | D:7      | Found a white marble altar of Elyvilon.
  6994 | D:8      | Noticed an ice devil
  6995 | D:8      | Noticed an ice devil
  7176 | D:8      | Noticed an ice devil
  7177 | D:8      | Noticed an ice devil
  7201 | D:8      | Noticed an ice devil
  7205 | D:8      | Noticed an ice devil
  7427 | D:8      | Reached *** piety under Hepliaklqana
  7627 | D:9      | Reached skill level 12 in Fighting
  8155 | D:9      | Reached skill level 13 in Fighting
  8155 | D:9      | Reached XP level 10. HP: 33/65 MP: 2/11
  8520 | D:10     | Entered Level 10 of the Dungeon
  8923 | D:10     | Noticed a gargoyle
  8932 | D:10     | Killed a gargoyle
  9059 | D:10     | Reached skill level 14 in Fighting
  9306 | D:10     | Found a basalt altar of Yredelemnul.
  9494 | D:10     | Noticed a wizard
  9503 | D:10     | Killed a wizard
  9504 | D:10     | Reached skill level 15 in Fighting
  9688 | D:10     | Reached XP level 11. HP: 73/73 MP: 12/12
  9743 | D:11     | Noticed a tengu warrior
  9743 | D:11     | Found a staircase to the Orcish Mines.
  9759 | D:10     | Demolished by a tengu warrior

Illustrated notes

Levels and vault maps discovered:
D:1:      minmay_arrival_radiant_lines, layout_basic, minivault_23
D:2:      layout_rooms, basic_ecumenical_altar, uniq_robin,
          uniq_crazy_yiuf_cottage
D:3:      layout_loops_ring
D:4:      corexii_shack_village, layout_basic, serial_shops,
          nicolae_shop_peninsula, uniq_edmund, uniq_duvessa
D:5:      layout_loops_ring, serial_shops, nicolae_shop_waterfront,
          nrook_mini_backslash
D:6:      layout_layer_cave, minmay_temple_entry_glass,
          gammafunk_ghost_abyssal_escape, dreamdust_mushroom_princess,
          chequers_serial_rivers_marsh, hellmonk_guarded_unrand_hermit
D:7:      layout_basic, mainiacjoe_overflow_two_lobes,
          gammafunk_temple_overflow_statue, serial_shops, shop, minivault_1
D:8:      cheibrodos_frozen_isle, layout_cave_pools, erik_lair_dragon,
          corexii_leaking_fountain
D:9:      layout_roguey
D:10:     layout_basic, mainiacjoe_overflow_tiny_flanked, grunt_ministairs_11,
          laboratory
D:11:     layout_stronghold, orc_0_dummy, grunt_ministairs_10
Temple:   bh_familiar_temple

Skill      XL: |  1  2  3  4  5  6  7  8  9 10 |
---------------+-------------------------------+-----
Fighting       | 4 5 6 7 9 10 13 15 | 15.7
Summonings     | 1 2 4 5 6 |  6.0
Polearms       | |  3.2
Dodging        | |  3.2

Action                     |  1- 3 |  4- 6 |  7- 9 | 10-12 || total
---------------------------+-------+-------+-------+-------++-------
  Melee: Spear             |    84 |   114 |   303 |   120 ||   621
         Kick              |     8 |    35 |    89 |    30 ||   162
         Punch             |     2 |     1 |     5 |     1 ||     9
         Peck              |     4 |    17 |    52 |    17 ||    90
         Halberd           |       |       |    14 |       ||    14
   Fire: Orcbow            |       |       |   111 |       ||   111
  Throw: Dart              |       |       |     3 |       ||     3
   Cast: Summon Guardian G |       |       |     1 |    13 ||    14
 Invoke: Ancestor Life: Kn |       |       |     1 |       ||     1
    Use: Potion            |       |     1 |     2 |     1 ||     4
         Scroll            |       |       |     4 |     2 ||     6
   Stab: Sleeping          |     6 |     3 |       |     1 ||    10
         Distracted        |       |     1 |     1 |       ||     2
 Armour: Robe              |    18 |    16 |       |       ||    34
         Leather armour    |       |    16 |   104 |     9 ||   129
         Troll leather arm |       |       |       |    30 ||    30
  Dodge: Dodged            |    41 |    43 |   145 |    47 ||   276
  Block: Other             |       |    10 |    47 |    12 ||    69
         Reflection        |       |       |     1 |     1 ||     2

Table legend: (Time is in decaauts)
 A = Elapsed time spent in this place.
 B = Non-inter-level travel time spent in this place.
 C = Inter-level travel time spent in this place.
 D = Time resting spent in this place.
 E = Time spent auto-exploring this place.
 F = Levels seen in this place.
 G = Mean time per level.
                   A        B        C        D        E       F      G
               +--------+--------+--------+--------+--------+-----+--------+
         Total |   9766 |   8999 |    767 |   1570 |   5307 |  12 |  813.8 |
       Dungeon |   9691 |   8990 |    701 |   1570 |   5307 |  11 |  881.0 |
        Temple |     74 |      8 |     66 |      0 |      0 |   1 |   74.0 |
               +--------+--------+--------+--------+--------+-----+--------+

Top non-repeatable levels by time:
     D:6: 1997 daAuts
     D:7: 1305 daAuts
     D:5: 1201 daAuts
    D:10: 1123 daAuts
     D:9: 962 daAuts
     D:1: 851 daAuts
     D:3: 782 daAuts
     D:2: 747 daAuts
     D:8: 596 daAuts
     D:4: 113 daAuts
  Temple: 74 daAuts
    D:11: 10 daAuts
